 Dungeon Crawl Stone Soup version 0.18-a0-1372-gd644665 (webtiles) character file.

179 M4edhros the Insei (level 5, -1/36 HPs)
             Began as an Octopode Monk on Feb 21, 2016.
             Slain by a scorpion (5 damage)
             ... on level 4 of the Dungeon.
             The game lasted 00:04:20 (2635 turns).

M4edhros the Insei (Octopode Monk)                  Turns: 2635, Time: 00:04:20

Health: -1/36      AC:  1    Str: 10    XL:     5   Next: 59%
Magic:  5/5        EV: 13    Int: 13    God:
Gold:   184        SH:  0    Dex: 15    Spells: 0 memorised, 4 levels left

rFire  . . .     SeeInvis .       - Unarmed
rCold  . . .     Gourm    .     (no shield)
rNeg   . . .     Faith    .     (helmet restricted)
rPois  .         Spirit   .     (no amulet)
rElec  .         Dismiss  .     (no ring)
rCorr  .         Reflect  .     (no ring)
SustAt .         Harm     .     (no ring)
MR     .....                    (no ring)
Stlth  ++++......               (no ring)
                                (no ring)
                                (no ring)
                                (no ring)

@: not resistant to hostile enchantments, stealthy
A: almost no armour, amphibious, 8 rings, constrict 8, camouflage 1, gelatinous
body 1
a: no special abilities


You were on level 4 of the Dungeon.
You were not hungry.

You visited 1 branch of the dungeon, and saw 4 of its levels.

You collected 184 gold pieces.

Inventory:

Missiles
 i - 92 stones (quivered)
Scrolls
 c - a scroll of noise {unknown}
 e - 3 scrolls of blinking {unknown}
 f - 3 scrolls of remove curse {unknown}
 g - a scroll of teleportation {unknown}
 h - a scroll of immolation {unknown}
 j - a scroll of enchant armour {unknown}
 k - 3 scrolls of enchant weapon {unknown}
 n - a scroll of amnesia {unknown}
 o - a scroll of recharging {unknown}
 p - 3 scrolls of identify {unknown}
Potions
 l - a potion of brilliance {unknown}
 s - a potion of magic {unknown}
Books
 q - a book of the Sky

   Spells                             Type                      Level
   a - Summon Lightning Spire         Summoning/Air                4
   b - Airstrike                      Air                          4
   c - Silence                        Hexes/Air                    5
   d - Deflect Missiles               Charms/Air                   6
   e - Conjure Ball Lightning         Conjuration/Air              6
   f - Tornado                        Air                          9
Comestibles
 a - 4 bread rations
 b - a fruit
 d - a meat ration
 m - a beef jerky
 r - 3 chunks of flesh


   Skills:
 - Level 3.0 Fighting
 - Level 3.0 Dodging
 - Level 4.5 Stealth
 + Level 6.1 Unarmed Combat


You had 4 spell levels left.
You didn't know any spells.

Dungeon Overview and Level Annotations

Branches:
Dungeon (4/15)
 Temple: D:4-7

Altars:
Fedhas
Makhleb


Innate Abilities, Weirdness & Mutations

You cannot wear most types of armour.
You are amphibious.
You can wear up to eight rings at the same time.
You can use your tentacles to constrict eight enemies at once.
Your skin changes colour to match your surroundings (Stealth).
Your rubbery body absorbs attacks (AC +1).


Message History

The scorpion stings you.
You tentacle-slap the scorpion but do no damage.
The scorpion is heavily wounded.
You constrict the scorpion. The giant newt barely misses you.
The scorpion stings you!
You tentacle-slap the scorpion but do no damage.
The scorpion is severely wounded.
You constrict the scorpion. The giant newt bites you. The scorpion stings you!
You completely miss the scorpion.
The scorpion is severely wounded.
You constrict the scorpion. The giant newt barely misses you.
The scorpion stings you.
* * * LOW HITPOINT WARNING * * *
You are too injured to fight recklessly!
You tentacle-slap the scorpion but do no damage.
The scorpion is severely wounded.
You constrict the scorpion. The giant newt bites you.
* * * LOW HITPOINT WARNING * * *
The scorpion stings you.
You die...

#..##.####..# #..##.#
##..# #.###ยง..$...### #
#......###.b....#
........##.# #....#.###.
s"......##.###....[.....
.....b..........$.......
........##...(..sl......
........# .##..@.#.##
......... ##......#
.######### ########


You could see a scorpion and a giant newt.

Vanquished Creatures
  2 orc priests
  A killer bee zombie (D:3)
  A gnoll (D:1)
  2 adders
  3 oozes
  2 giant geckos (D:3)
  8 orcs (D:3)
  4 giant cockroaches
  5 goblins
  10 hobgoblins
  4 bats
  5 giant newts
  3 kobolds
  5 rats
55 creatures vanquished.

Notes
Turn   | Place    | Note
--------------------------------------------------------------
     0 | D:1      | M4edhros the Octopode Monk began the quest for the Orb.
     0 | D:1      | Reached XP level 1. HP: 16/16 MP: 1/1
   324 | D:1      | Reached XP level 2. HP: 11/21 MP: 2/2
   758 | D:1      | Reached XP level 3. HP: 22/26 MP: 3/3
  1267 | D:2      | Found a burning altar of Makhleb.
  1808 | D:3      | Reached XP level 4. HP: 26/31 MP: 4/4
  1817 | D:3      | Found a blossoming altar of Fedhas.
  1898 | D:3      | Reached skill level 5 in Unarmed Combat
  2242 | D:3      | Reached XP level 5. HP: 20/36 MP: 5/5
  2398 | D:4      | Noticed a phantom
  2419 | D:4      | Reached skill level 6 in Unarmed Combat
  2635 | D:4      | Slain by a scorpion

Vault maps used:
D:1:      dpeg_cavernosity
D:2:      bloody_makhleb
D:3:      nicolae_overflow_hidden_temple, first_bread
D:4:      minmay_temple_entry_butterflies, kennysheep_generic_room_11,
          uniq_blork_the_orc

Action                   |  1- 3 |  4- 6 || total
-------------------------+-------+-------++-------
Melee: Unarmed           |    73 |    56 ||   129
  Use: Potion            |       |     2 ||     2
 Stab: Sleeping          |    12 |     2 ||    14
       Distracted        |       |     1 ||     1
  Eat: Chunk             |     1 |     4 ||     5
